 Dungeon Crawl Stone Soup version 0.21-a0-633-g4c047d5 (webtiles) character file.

9 Alarkh the Charmwright (level 2, 20/22 HPs)
             Began as a Demonspawn Skald on Dec 28, 2017.
             Got out of the dungeon alive.
             The game lasted 00:00:26 (498 turns).

Alarkh the Charmwright (Demonspawn Skald)            Turns: 498, Time: 00:00:27

Health: 20/22      AC:  3    Str: 11    XL:     2   Next: 6%
Magic:  5/5        EV: 11    Int: 14    God:
Gold:   18         SH:  0    Dex: 12    Spells: 4/5 levels left

rFire    . . .     SeeInvis .   a - +0 falchion
rCold    . . .     Gourm    +   (no shield)
rNeg     . . .     Faith    .   b - +0 leather armour
rPois    .         Spirit   .   (helmet restricted)
rElec    .         Reflect  .   (no cloak)
rCorr    .         Harm     .   (no gloves)
MR       .....                  (no boots)
Stlth    +.........             e - amulet of the gourmand
HPRegen  0.07/turn              (no ring)
MPRegen  0.09/turn              (no ring)

@: no status effects
A: antennae 1
a: no special abilities


You escaped.
You were not hungry.

You visited 1 branch of the dungeon, and saw 1 of its levels.

You collected 18 gold pieces.

Inventory:

Hand Weapons
 a - a +0 falchion (weapon)
Armour
 b - a +0 leather armour (worn)
Jewellery
 e - an amulet of the gourmand (around neck)
Scrolls
 f - a scroll of identify {unknown}
Books
 c - a book of Battle

   Spells                             Type                      Level
   a - Infusion                       Charms                       1
   b - Shroud of Golubria             Charms/Translocation         2
   c - Song of Slaying                Charms                       2
   d - Spectral Weapon                Hexes/Charms                 3
   e - Regeneration                   Charms/Necromancy            3
Comestibles
 d - 2 rations


   Skills:
 - Level 2.0 Fighting
 + Level 2.5 Long Blades
 - Level 0.8 Armour
 - Level 1.7 Dodging
 - Level 2.0 Spellcasting
 - Level 2.6 Charms


You had 4 spell levels left.
You knew the following spells:

 Your Spells              Type           Power        Failure   Level  Hunger
a - Infusion              Chrm           #...         11%         1    ##.....


Dungeon Overview and Level Annotations

Branches:
Dungeon (1/15)

Altars:


Innate Abilities, Weirdness & Mutations

You have a pair of small antennae on your head.


Message History

The hobgoblin barely misses you.
You closely miss the hobgoblin. The hobgoblin hits you with a club.
You closely miss the hobgoblin. The hobgoblin misses you.
You closely miss the hobgoblin. The hobgoblin hits you with a club.
You hit the hobgoblin!
You kill the hobgoblin!
No target in view!
No target in view!
There is an open door here.
Your magical infusion is running out.
There is an open door here.
You are no longer magically infusing your attacks.
There is an open door here.
You open the door.
There is an open door here.
You see here 23 stones.
You see here a club.
There is a staircase leading out of the dungeon here.
Are you sure you want to leave the Dungeon?
This will make you lose the game!
You have escaped!

#.# ##.## ##...##
#.....# ##...##
##.######.#
####........#
.....########
##### ####.# #.@.#
#.# #...# #.#
♣...♣ ####.# #...#
...#.# ♣...♣
##.#.# #...# #.#.#
♣...♣ #.#.## #...#
#....########♣...♣


There were no monsters in sight!

Vanquished Creatures
  3 goblins (D:1)
  3 hobgoblins (D:1)
  2 rats (D:1)
8 creatures vanquished.

Notes
Turn   | Place    | Note
-------+----------+-------------------------------------------
     0 | D:1      | Alarkh the Demonspawn Skald began the quest for the Orb.
     0 | D:1      | Reached XP level 1. HP: 16/16 MP: 3/3
   388 | D:1      | Gained mutation: You have a pair of small antennae on your head. [demonic ancestry]
   388 | D:1      | Reached XP level 2. HP: 22/22 MP: 5/5
   498 | D:$      | Got out of the dungeon alive.

Vault maps used:
D:1:      minmay_arrival_plants_in_alcoves, due_unseen_surprise

Skill      XL: |  1 |
---------------+----+-----
Long Blades    | 2 |  2.5
Fighting       | |  2.0
Armour         | |  0.8
Dodging        | |  1.7
Spellcasting   | |  2.0
Charms         | |  2.6

Action                   || total
-------------------------++-------
Melee: Falchion          ||    23
 Cast: Infusion          ||     5
Armor: Leather armour    ||     5
Dodge: Dodged            ||    11
       Rpst.: Falchion   ||     3

Table legend:
 A = Spawn XP
 B = Non-spawn XP
 C = Spawn XP percentage of total XP
 D = Spawn monster count
 E = Non-spawn monster count
 F = Spawn count percentage of total count
 G = Total turns spent on level
                    A         B        C        D         E        F      G
               +---------+---------+-------+---------+---------+-------+---------
         Total |       0 |      14 |   0.0 |       0 |       8 |   0.0 |   498
               +---------+---------+-------+---------+---------+-------+---------
           D:1 |       0 |      14 |   0.0 |       0 |       8 |   0.0 |   498
               +---------+---------+-------+---------+---------+-------+---------
